 Dungeon Crawl Stone Soup version 0.31-a0-806-g0bc164a743 (webtiles) character file.

Game seed: 15425833937455588381

37082 ytrimaz the Mimic (level 13, 0/119 HPs)
             Began as a Troll Shapeshifter on Sept 20, 2023.
             Was an Elder of Hepliaklqana.
             Slain by a skeletal warrior
             ... wielding a +0 trident
              (20 damage)
             ... on level 12 of the Dungeon.
             The game lasted 00:15:44 (9295 turns).

ytrimaz the Mimic (Troll Shapeshifter)              Turns: 9295, Time: 00:15:45

Health: 0/119      AC:  9    Str: 25    XL:     13   Next: 56%
Magic:  12/12      EV: 14    Int:  6    God:    Hepliaklqana [****..]
Gold:   1154       SH:  0    Dex: 19    Spells: 12/12 levels left

rFire   . .          .
                       - Unarmed
rCold   . . .        (shield currently unavailable)
rNeg    . . .        E - +0 troll leather armour
rPois   .            (helmet restricted)
rElec   .            (no cloak)
rCorr   .            (gloves unavailable)
SInv    .            (boots unavailable)
Will    .....        q - amulet of the acrobat
Stlth   +            h - +4 ring of protection
HPRegen 1.99/turn    I - +6 ring of dexterity
MPRegen 0.13/turn

%: acrobat
@: flux-form, glowing
A: glow, contaminating, reduced essence, large, unfitting armour, claws 3,
regeneration 1, shaggy fur 1, tough skin 1
a: Begin Untransformation, Renounce Religion, Recall Ancestor, Ancestor
Identity, Transference, Idealise


You were on level 12 of the Dungeon.
You worshipped Hepliaklqana.
Hepliaklqana was greatly pleased with you.
You were something dangerously unstable.
You visited 2 branches of the dungeon, and saw 13 of its levels.
You also visited: Ossuary and Bailey.

You collected 1154 gold pieces.


Innate Abilities, Weirdness & Mutations

You are something dangerously unstable.
You glow with magical radiation, making you easy to see and hit.
Foes you strike become dangerously contaminated with magical radiation.
You are incapable of wielding weapons or throwing items.
Your life essence is reduced to manifest your ancestor. (-10% HP)
You are too large for most types of armour.
You have claws for hands.
Your natural rate of healing is unusually fast.
You are covered in fur. (AC +1)
You have tough skin. (AC +1)


   Skills:
 - Level 10.0 Fighting
 + Level 2.4 Armour
 + Level 8.1 Dodging
 - Level 10.0 Unarmed Combat
 - Level 14.1 Shapeshifting


You had 12 spell levels left.
You didn't know any spells.
Your spell library contained the following spells:

 Spells                   Type           Power      Damage    Failure   Level
 Foxfire                  Conj/Fire      0%         2x1d4     50%         1
 Magic Dart               Conj           0%         1d3       50%         1
 Sandblast                Erth           0%         2d4       50%         1
 Call Imp                 Summ           0%         N/A       63%         2
 Passwall                 Tmut/Erth      0%         N/A       63%         2
 Ignite Poison            Fire/Tmut/Pois 0%         N/A       86%         3
 Mephitic Cloud           Conj/Pois/Air  0%         N/A       86%         3
 Stone Arrow              Conj/Erth      0%         3d7       86%         3
 Brom's Barrelling Bould  Conj/Erth      0%         2d3       99%         4
 Irradiate                Conj/Tmut      0%         3d11      100%        5
 Metabolic Englaciation   Hex/Ice        0%         N/A       100%        5
 Summon Mana Viper        Hex/Summ       0%         N/A       100%        5
 Starburst                Conj/Fire      0%         6d3       100%        6
 Maxwell's Capacitive Co  Air            0%         ∞         100%        8

Inventory:

Missiles
 r - 3 throwing nets
Armour
 a - +0 acid dragon scales
   (You found it on level 11 of the Dungeon)
 E - a +0 troll leather armour (worn)
   (You found it on level 11 of the Dungeon)
Jewellery
 e - an amulet of guardian spirit
   (You found it on level 12 of the Dungeon)
 g - a ring of fire
   (You found it on level 1 of the Dungeon)
 h - a +4 ring of protection (left claw)
   (You found it on level 2 of the Dungeon)
 n - an amulet of faith
   (You found it on level 4 of the Dungeon)
 q - an amulet of the acrobat (around neck)
   (You found it on level 2 of the Dungeon)
 G - a ring of fire
   (You found it on level 6 of the Dungeon)
 H - a ring of wizardry
   (You found it on level 7 of the Dungeon)
 I - a +6 ring of dexterity (right claw)
   (You took it off an orc on level 7 of the Dungeon)
 O - a ring of protection from cold
   (You found it on level 9 of the Dungeon)
 P - the ring of Wiel {rElec Int+5 SInv Stlth-}
   (You found it in a bailey)

   [ring of see invisible]

   Int+5:     It affects your intelligence (+5).
   rElec:     It insulates you from electricity.
   SInv:      It lets you see invisible.
   Stlth-:    It makes you less stealthy.
Talismans
 c - a beast talisman
 d - a flux talisman (active)
Wands
 o - a wand of flame (28)
   (You took it off Jessica on level 2 of the Dungeon)
 M - a wand of mindburst (16)
   (You took it off Psyche on level 8 of the Dungeon)
 N - a wand of polymorph (1)
   (You found it on level 8 of the Dungeon)
Scrolls
 i - 2 scrolls of brand weapon
 j - 2 scrolls of noise
 m - 2 scrolls of immolation {unknown}
 p - 6 scrolls of silence {unknown}
 u - 2 scrolls of enchant weapon {unknown}
 v - 3 scrolls of fog
 w - 2 scrolls of amnesia {unknown}
 x - 5 scrolls of poison {unknown}
 y - a scroll of torment {unknown}
 D - 2 scrolls of blinking {unknown}
 F - 2 scrolls of revelation {unknown}
 J - a scroll of enchant armour {unknown}
 L - a scroll of vulnerability {unknown}
Potions
 b - 2 potions of lignification
 f - 3 potions of enlightenment
 l - 4 potions of invisibility
 s - 14 potions of curing
 t - 4 potions of haste
 z - 2 potions of resistance
 A - 2 potions of brilliance {unknown}
 B - 3 potions of heal wounds
 C - a potion of mutation {unknown}
 K - a potion of ambrosia {unknown}
 Q - a potion of attraction {unknown}

Dungeon Overview and Level Annotations

Branches:
Dungeon (12/15) Zot: 26490  Temple (1/1) D:5 Zot: 5960    Lair (0/5) D:11
    Orc (0/2) D:12        Ossuary (visited)          Bailey (visited)

Altars:
Ashenzari
Cheibriados
Dithmenos
Elyvilon
Hepliaklqana
Kikubaaqudgha
Makhleb
Nemelex Xobeh
Okawaru
Qazlal
Sif Muna
Trog
Uskayaw
Vehumet
Wu Jian
Xom
Yredelemnul
Zin
The Shining One

## .# .# .#
################ .#
................ .#
#..........$... .#
#.............. .#
#........... .#
#...p....... .#
#........... .#
#.z......... .#
#.R......... .##
#z###+###### <##.
#C# ###.. #.'..[...
##..########.#......
.........z...#......


You could see the friendly Ayize the knight, 2 skeletal warriors and a cyclops.


Message History

Unknown command.
You claw the troll!
The troll shudders as magic cascades through it!!
You kill the troll!
The skeletal warrior hits you from afar with a +0 trident. 😮 HP[+1]
A cyclops comes into view. 😮 HP[+2]
You regained 2 hp, and now have 87/119 hp.
The cyclops shouts!
The skeletal warrior attacks as it pursues you!
The skeletal warrior barely misses you. 😮 HP[+2]
You regained 2 hp, and now have 89/119 hp.
Unknown command.
You claw the cyclops!
The cyclops begins to glow.
The skeletal warrior misses you. 😕 HP[+2]
You regained 2 hp, and now have 91/119 hp.
You scratch the cyclops.
The cyclops glows dangerously bright.
The cyclops misses you. 😕 HP[+1] Unknown command.
You mangle the cyclops!!
The cyclops shudders as magic cascades through it!!
You kill the cyclops!
The skeletal warrior hits you from afar with a +0 trident! 😮 HP[-15]
You take 15 damage, and now have 77/119 hp.
Things that are here:
4 large rocks; a cyclops corpse; 😮 HP[+2]
You regained 2 hp, and now have 79/119 hp.
Unknown command.
A skeletal warrior opens the door.
The skeletal warrior hits you with a +0 trident. 😮 HP[-4]
You take 4 damage, and now have 75/119 hp.
You claw the skeletal warrior!
The skeletal warrior begins to glow.
The skeletal warrior barely misses you. 😮 HP[+2]
You regained 2 hp, and now have 77/119 hp.
Unknown command.
You claw the skeletal warrior!
The skeletal warrior glows dangerously bright.
The skeletal warrior hits you with a +0 long sword!!
* * * LOW HITPOINT WARNING * * *
The skeletal warrior hits you with a +0 trident!
* * * LOW HITPOINT WARNING * * *
😨 HP[-35]
You take 35 damage, and now have 42/119 hp.
MASSIVE DAMAGE!! (PAUSE)
The skeletal warrior hits you but does no damage.
Things that are here:
4 large rocks; a cyclops corpse; 😨 HP[+2]
You regained 2 hp, and now have 44/119 hp.
Unknown command.
You scratch the skeletal warrior but do no damage.
The skeletal warrior begins to glow.
The skeletal warrior misses you.
The skeletal warrior hits you with a +0 long sword!
* * * LOW HITPOINT WARNING * * *
😱 HP[-15]
You take 15 damage, and now have 29/119 hp.
You claw the skeletal warrior!
The skeletal warrior glows dangerously bright.
The skeletal warrior hits you with a +0 long sword.
* * * LOW HITPOINT WARNING * * *
The skeletal warrior hits you from afar with a +0 trident!!
* * * LOW HITPOINT WARNING * * *
😱 HP[-18]
You take 18 damage, and now have 11/119 hp.
Unknown command.
You claw the skeletal warrior!
The skeletal warrior shudders as magic cascades through it! 😱 HP[+1]
Okay, then.
You feel much better.
The skeletal warrior hits you from afar with a +0 trident!
* * * LOW HITPOINT WARNING * * *
The skeletal warrior hits you with a +0 long sword!!
* * * LOW HITPOINT WARNING * * *
😱 HP[-2]
You take 2 damage, and now have 10/119 hp.
Unknown command.
Ayize emerges from the mists of memory! 😱 HP[+2]
You regained 2 hp, and now have 12/119 hp.
Okay, then. 😱 HP[+2]
You regained 2 hp, and now have 14/119 hp. 😱 HP[+2]
You regained 2 hp, and now have 16/119 hp.
Unknown command.
The skeletal warrior stops glowing.
Ayize barely misses the skeletal warrior. 😱 HP[+2]
You regained 2 hp, and now have 18/119 hp.
You fail to use your ability.
Ayize blocks the skeletal warrior's attack.
The skeletal warrior hits you from afar with a +0 trident!!
You die...

Skill      XL: |  1  2  3  4  5  6  7  8  9 10 11 12 13 |
---------------+----------------------------------------+-----
Fighting       | 1 2 3 4 5 7 8 10 | 10.0
Unarmed Combat | 4 5 6 7 8 10 | 10.0
Shapeshifting  | 4 5 6 8 9 10 12 14 | 14.1
Dodging        | 7 8 |  8.1
Armour         | 2 |  2.4

Action                     |  1- 3 |  4- 6 |  7- 9 | 10-12 | 13-15 || total
---------------------------+-------+-------+-------+-------+-------++-------
  Melee: Unarmed           |    68 |    58 |   253 |   285 |   172 ||   836
         Punch             |     3 |     1 |    14 |    23 |    12 ||    53
 Invoke: Recall Ancestor   |       |       |     1 |       |     1 ||     2
         Ancestor Life: Kn |       |       |       |     1 |       ||     1
  Evoke: Wand              |       |       |       |    12 |       ||    12
    Use: Scroll            |     3 |       |     2 |    10 |     3 ||    18
         Potion            |       |       |       |     1 |     6 ||     7
   Stab: Sleeping          |       |     1 |       |       |       ||     1
         Distracted        |       |       |     1 |     3 |     1 ||     5
 Armour: Animal skin       |    43 |    47 |   172 |   249 |       ||   511
         Troll leather arm |       |       |       |    57 |   141 ||   198
         Skin              |       |       |       |       |    12 ||    12
  Dodge: Dodged            |    25 |    25 |   178 |   427 |   136 ||   791
   Form: Flux              |       |       |       |       |     1 ||     1

Levels and vault maps discovered:
D:1:      nicolae_arrival_washed_ashore, layout_basic, basic_ecumenical_altar
D:2:      layout_basic, uniq_jessica
D:3:      layout_loops_corners, nicolae_ru_great_annihilating_truth,
          nicolae_gozag_zags_fifth_avenue, fedhas_altar_3,
          minmay_misc_feat_more_columns
D:4:      layout_rooms, nicolae_ossuary_entry_plus
D:5:      layout_rooms, minmay_temple_entry_junction
D:6:      layout_gridville, zin_angel
D:7:      layout_basic
D:8:      layout_basic, pdpol_wu_jian_five_deadly_venoms,
          minmay_misc_feat_square, minmay_misc_feat_tiny,
          minmay_misc_feat_cross, uniq_grum, uniq_psyche
D:9:      layout_irregular_city, mainiacjoe_overflow_six_doors_small,
          serial_undead, serial_undead_f, serial_undead_a, serial_undead_f,
          serial_undead_b, serial_undead_e, enter_bailey_3,
          minmay_misc_feat_secret_circle
D:10:     layout_long_grid, nicolae_overflow_hidden_temple
D:11:     nzn_winding_woodlands_large [nzn_winding_woodlands_5x5_three,
          nzn_winding_woodlands_5x15_pool, nzn_winding_woodlands_5x5_cross,
          nzn_winding_woodlands_center_garden,
          nzn_winding_woodlands_15x15_thick_spiral,
          nzn_winding_woodlands_center_triple_pond,
          nzn_winding_woodlands_5x5_checkerboard,
          nzn_winding_woodlands_5x15_crooked,
          nzn_winding_woodlands_5x5_open_star], layout_gridville,
          lair_entry_dummy, slow_altar_1, uniq_erolcha, uniq_urug
D:12:     cheibrodos_elevator_heist, layout_irregular_city, david_orc_3,
          enter_trove_6
Temple:   hellmonk_temple_divided_pantheon

Notes
Turn   | Place    | Note
-------+----------+-------------------------------------------
     0 | D:1      | ytrimaz the Troll Shapeshifter began the quest for the Orb.
     0 | D:1      | Reached XP level 1. HP: 18/18 MP: 0/0
     0 | D:1      | magus.rc [v1.9.6]
   103 | D:1      | Found a faded altar of an unknown god.
   116 | D:1      | Reached skill level 1 in Fighting
   220 | D:1      | Reached XP level 2. HP: 27/27 MP: 1/1
   847 | D:2      | You pick up a book of Minor Magic and begin reading...
   847 | D:2      | You add the spells Magic Dart, Call Imp and Mephitic Cloud
                  | to your library.
   956 | D:2      | Noticed Jessica
   967 | D:2      | Killed Jessica
   968 | D:2      | Reached XP level 3. HP: 27/35 MP: 2/2
  1359 | D:3      | You fall into a shaft and drop 2 floors!
  1359 | D:5      | Entered Level 5 of the Dungeon
  1379 | D:5      | Noticed an ogre
  1387 | D:5      | Killed an ogre
  1388 | D:5      | Reached skill level 2 in Fighting
  1388 | D:5      | Reached skill level 4 in Unarmed Combat
  1388 | D:5      | Reached XP level 4. HP: 34/44 MP: 3/3
  1388 | D:5      | Reached XP level 5. HP: 38/50 MP: 4/4
  1402 | D:5      | Noticed an ice beast
  1407 | D:5      | Reached skill level 4 in Shapeshifting
  1411 | D:5      | Killed an ice beast
  1515 | D:5      | Noticed a phantom
  1521 | D:5      | Reached XP level 6. HP: 59/59 MP: 5/5
  1528 | D:5      | Reached skill level 3 in Fighting
  1702 | D:4      | Reached skill level 5 in Unarmed Combat
  1726 | D:4      | Reached skill level 5 in Shapeshifting
  1726 | D:4      | Reached XP level 7. HP: 54/68 MP: 6/6
  1848 | D:4      | Found a sand-covered staircase.
  1853 | Ossuary  | Entered an ossuary
  2199 | D:4      | Reached skill level 4 in Fighting
  2675 | D:5      | Found a staircase to the Ecumenical Temple.
  2693 | D:5      | You add the spells Foxfire, Ignite Poison, Starburst and
                  | Maxwell's Capacitive Coupling to your library.
  2693 | D:5      | Got a foxed book
  2756 | Temple   | Found a transporter.
  2756 | Temple   | Found a transporter.
  2756 | Temple   | Found a transporter.
  2756 | Temple   | Found a transporter.
  2756 | Temple   | Entered the Ecumenical Temple
  2779 | Temple   | Became a worshipper of Hepliaklqana the Forgotten
  2818 | D:6      | Reached skill level 6 in Unarmed Combat
  2838 | D:6      | Reached XP level 8. HP: 79/79 MP: 7/7
  2852 | D:6      | Reached skill level 6 in Shapeshifting
  2984 | D:6      | Reached skill level 5 in Fighting
  3221 | D:6      | Reached skill level 7 in Unarmed Combat
  3362 | D:6      | Found a glowing silver altar of Zin.
  3362 | D:6      | Noticed an angel
  3394 | D:7      | Reached XP level 9. HP: 89/89 MP: 8/8
  3409 | D:7      | Reached skill level 7 in Shapeshifting
  3472 | D:7      | Reached skill level 6 in Fighting
  3779 | D:7      | Reached skill level 8 in Unarmed Combat
  3792 | D:7      | Reached * piety under Hepliaklqana
  4122 | D:8      | Noticed Psyche
  4124 | D:8      | Killed Psyche
  4129 | D:8      | Identified the +2 leather armour "Heimimos" {rN++ Str-4
                  | Int+3 Stlth+}
  4160 | D:8      | Paralysed by a hornet for 1 turns
  4167 | D:8      | Reached skill level 8 in Shapeshifting
  4284 | D:8      | Noticed a two-headed ogre
  4293 | D:8      | Killed a two-headed ogre
  4294 | D:8      | Reached skill level 7 in Fighting
  4294 | D:8      | Reached XP level 10. HP: 72/91 MP: 9/9
  4324 | D:8      | Reached skill level 9 in Unarmed Combat
  4415 | D:8      | Found an ornate altar of the Wu Jian Council.
  4619 | D:8      | Noticed Grum
  4633 | D:8      | Killed Grum
  4823 | D:8      | Reached ** piety under Hepliaklqana
  4859 | D:8      | Remembered your ancestor Ayize as a knight
  5272 | D:9      | Reached skill level 9 in Shapeshifting
  5344 | D:9      | Reached skill level 8 in Fighting
  5348 | D:9      | Noticed a two-headed ogre
  5353 | D:9      | HP: 23/93 [two-headed ogre/+0 great mace (20)]
  5355 | D:9      | Killed a two-headed ogre
  5356 | D:9      | Reached skill level 10 in Unarmed Combat
  5462 | D:9      | Found a basalt altar of Yredelemnul.
  5489 | D:9      | Found a flagged portal.
  5498 | Bailey   | Entered a bailey
  5720 | Bailey   | Reached XP level 11. HP: 74/101 MP: 10/10
  5802 | Bailey   | Reached skill level 10 in Shapeshifting
  5957 | Bailey   | Identified the ring of Wiel {rElec Int+5 SInv Stlth-}
  5959 | Bailey   | Identified the +1 executioner's axe "Libufos" {freeze, rC-
                  | rN+ Int+4}
  5963 | Bailey   | Reached skill level 7 in Dodging
  5963 | Bailey   | Reached XP level 12. HP: 109/109 MP: 11/11
  6166 | D:9      | Noticed a two-headed ogre
  6173 | D:9      | Killed a two-headed ogre
  6611 | D:10     | Entered Level 10 of the Dungeon
  6707 | D:10     | Reached *** piety under Hepliaklqana
  6754 | D:10     | Found a broken altar of Ashenzari.
  6848 | D:10     | Reached skill level 9 in Fighting
  7217 | D:11     | Noticed Erolcha
  7232 | D:11     | Killed Erolcha
  7348 | D:11     | Noticed an ogre mage
  7353 | D:11     | Noticed a six-headed hydra
  7368 | D:11     | HP: 21/111 [six-headed hydra (10)]
  7370 | D:11     | Found a snail-covered altar of Cheibriados.
  7370 | D:11     | Noticed Urug
  7370 | D:11     | Noticed a two-headed ogre
  7421 | D:11     | HP: 27/111 [nine-headed hydra (13)]
  7422 | D:11     | Killed a ten-headed hydra
  7487 | D:11     | Reached skill level 11 in Shapeshifting
  7707 | D:11     | Noticed a deep troll earth mage
  7713 | D:11     | Killed a deep troll earth mage
  7726 | D:11     | Noticed a boulder beetle
  7729 | D:11     | Reached skill level 10 in Fighting
  7865 | D:11     | Found a staircase to the Lair.
  7923 | D:11     | Killed an ogre mage
  7939 | D:11     | Reached skill level 12 in Shapeshifting
  8072 | D:11     | HP: 23/113 [Urug/+7 vampiric glaive (34)]
  8073 | D:11     | Killed Urug
  8108 | D:11     | Reached XP level 13. HP: 62/119 MP: 12/12
  8204 | D:11     | You add the spells Irradiate, Metabolic Englaciation and
                  | Summon Mana Viper to your library.
  8204 | D:11     | Got an embossed book
  8268 | D:11     | HP: 27/119 [freezing wraith (9)]
  8269 | D:11     | HP: 6/119 [freezing wraith (19)]
  8406 | D:11     | an orc comes into view. It is wielding the +11 Singing
                  | Sword {sonic wave}.
  8474 | D:11     | Reached skill level 13 in Shapeshifting
  8474 | D:11     | HP: 28/119 [freezing wraith (11)]
  8475 | D:11     | HP: 11/119 [freezing wraith (16)]
  8484 | D:11     | HP: 38/178 [boulder beetle (7)]
  8767 | D:12     | Reached **** piety under Hepliaklqana
  8988 | D:12     | Reached skill level 14 in Shapeshifting
  9092 | D:12     | You pick up a book of Geomancy and begin reading...
  9092 | D:12     | You add the spells Sandblast, Passwall, Stone Arrow and
                  | Brom's Barrelling Boulder to your library.
  9111 | D:12     | Reached skill level 1 in Armour
  9119 | D:12     | Found a staircase to the Orcish Mines.
  9192 | D:12     | Reached skill level 2 in Armour
  9192 | D:12     | Reached skill level 8 in Dodging
  9287 | D:12     | HP: 29/119 [skeletal warrior/+0 long sword (17)]
  9288 | D:12     | HP: 11/119 [skeletal warrior/+0 trident (19)]
  9295 | D:12     | Slain by a skeletal warrior

Vanquished Creatures
  Erolcha (D:11)
  A hydra (D:11)
  An ogre mage (D:11)
  2 boulder beetles (D:11)
  3 two-headed ogres
  A deep troll earth mage (D:11)
  Urug (D:11)
  A skeletal warrior (D:12)
  3 ugly things (D:11)
  A deep elf pyromancer (D:12)
  A wolf spider (D:12)
  2 manticores (D:12)
  5 cyclopes
  Psyche (D:8)
  2 unseen horror zombies (D:9)
  2 kobold demonologists (D:11)
  An unseen horror (D:11)
  2 freezing wraiths (D:11)
  4 trolls
  2 hornets
  8 slime creatures (D:12)
  4 wraiths
  2 centaur simulacra (D:11)
  A shadow (D:9)
  4 wyverns
  Grum (D:8)
  2 vampire mosquitoes (D:11)
  2 acid dragons (D:11)
  A water moccasin (D:7)
  4 ice beasts
  10 orc warriors
  4 sky beasts
  2 black bears
  3 ogres
  4 wolves (D:8)
  6 centaurs
  A phantom (D:5)
  A kobold brigand (D:8)
  5 bullfrogs
  A gnoll sergeant (D:10)
  2 scorpions (D:4)
  12 wights (D:9)
  8 killer bees
  3 howler monkeys
  3 centaur zombies (D:9)
  3 hounds
  A jelly (D:6)
  A gnoll bouda (D:6)
  3 orc priests (D:8)
  An iron imp (D:11)
  4 orc wizards
  Jessica (D:2)
  2 sleepcaps (D:6)
  3 iguanas
  A killer bee zombie (D:9)
  8 mummies (Ossuary)
  2 howler monkey zombies (D:9)
  12 gnolls
  4 adders
  A shadow imp (D:8)
  5 white imps
  5 ufetubi
  4 worms
  A dart slug (D:1)
  26 orcs
  3 ball pythons
  A bat (D:2)
  3 endoplasms
  A giant cockroach (D:3)
  2 gnoll zombies (Ossuary)
  4 hobgoblins
  8 kobolds
  3 quokkas
  4 frilled lizards
  8 goblins
  2 hobgoblin zombies (Ossuary)
  2 kobold zombies (Ossuary)
  2 orc zombies (Ossuary)
  3 rats
265 creatures vanquished.

Vanquished Creatures (collateral kills)
  A yaktaur captain (D:11)
  A skeletal warrior (D:12)
  An ugly thing (D:11)
  A cyclops (D:12)
  A wolf spider (D:12)
  A manticore (D:12)
  A gargoyle (D:11)
  An unseen horror (D:12)
  2 centaur simulacra
  4 slime creatures
  A wraith (D:12)
  A vampire mosquito (D:11)
  An acid dragon (D:11)
  An orc warrior (Bailey)
  8 centaurs
  3 wights (D:9)
  A killer bee (D:9)
  2 centaur zombies (D:9)
  An orc priest (D:11)
  An orc wizard (D:12)
  7 orcs
  A goblin (D:9)
42 creatures vanquished.

Vanquished Creatures (others)
  5 knights
5 creatures vanquished.

Grand Total: 312 creatures vanquished

Table legend:
 A = Non-vault XP
 B = Vault XP
 C = Vault XP percentage of total XP
 D = Non-vault monster count
 E = Vault monster count
 F = Vault count percentage of total count
                 A         B        C        D         E       F
            +---------+---------+-------+---------+---------+-------
      Total |   18883 |   22566 |  54.4 |     175 |     132 |  43.0
            +---------+---------+-------+---------+---------+-------
        D:1 |      17 |       0 |   0.0 |      10 |       0 |   0.0
        D:2 |      23 |      37 |  61.7 |      12 |       1 |   7.7
        D:3 |       6 |       0 |   0.0 |       3 |       0 |   0.0
        D:4 |     390 |       0 |   0.0 |      18 |       0 |   0.0
        D:5 |     660 |       0 |   0.0 |      19 |       0 |   0.0
        D:6 |    1502 |       0 |   0.0 |      27 |       0 |   0.0
        D:7 |    1124 |       0 |   0.0 |      16 |       0 |   0.0
        D:8 |    1754 |    1028 |  37.0 |      17 |       6 |  26.1
        D:9 |    2934 |    1866 |  38.9 |      14 |      25 |  64.1
       D:10 |     558 |       0 |   0.0 |       7 |       0 |   0.0
       D:11 |    2285 |   15240 |  87.0 |      11 |      38 |  77.6
       D:12 |    7630 |    2029 |  21.0 |      21 |      12 |  36.4
    Ossuary |       0 |     152 | 100.0 |       0 |      16 | 100.0
     Bailey |       0 |    2214 | 100.0 |       0 |      34 | 100.0
            +---------+---------+-------+---------+---------+-------

Skill      XL: |  1  2  3  4  5  6  7  8  9 10 11 12 13 |
---------------+----------------------------------------+-----
Fighting       | 1 2 3 4 5 7 8 10 | 10.0
Unarmed Combat | 4 5 6 7 8 10 | 10.0
Shapeshifting  | 4 5 6 8 9 10 12 14 | 14.1
Dodging        | 7 8 |  8.1
Armour         | 2 |  2.4

Action                     |  1- 3 |  4- 6 |  7- 9 | 10-12 | 13-15 || total
---------------------------+-------+-------+-------+-------+-------++-------
  Melee: Unarmed           |    68 |    58 |   253 |   285 |   172 ||   836
         Punch             |     3 |     1 |    14 |    23 |    12 ||    53
 Invoke: Recall Ancestor   |       |       |     1 |       |     1 ||     2
         Ancestor Life: Kn |       |       |       |     1 |       ||     1
  Evoke: Wand              |       |       |       |    12 |       ||    12
    Use: Scroll            |     3 |       |     2 |    10 |     3 ||    18
         Potion            |       |       |       |     1 |     6 ||     7
   Stab: Sleeping          |       |     1 |       |       |       ||     1
         Distracted        |       |       |     1 |     3 |     1 ||     5
 Armour: Animal skin       |    43 |    47 |   172 |   249 |       ||   511
         Troll leather arm |       |       |       |    57 |   141 ||   198
         Skin              |       |       |       |       |    12 ||    12
  Dodge: Dodged            |    25 |    25 |   178 |   427 |   136 ||   791
   Form: Flux              |       |       |       |       |     1 ||     1

Illustrated notes

Table legend:
 A = Kills in this place as a percentage of kills in the entire game.
 B = Kills by you in this place as a percentage of kills by you in the entire game.
 C = Kills by friends in this place as a percentage of kills by friends in the entire game.
 D = Other kills in this place as a percentage of other kills in the entire game.
 E = Experience gained in this place as a percentage of experience gained in the entire game.
 F = Experience gained in this place divided by the number of levels of this place that you have seen.
                   A       B       C       D       E      F
               +-------+-------+-------+-------+-------+----------------------
         Total | 100.0 | 100.0 | 100.0 |   N/A | 100.0 | 2763.3
       Dungeon |  83.7 |  86.4 |  66.7 |   N/A |  94.3 | 3256.9
       Ossuary |   5.2 |   6.0 |   0.0 |   N/A |   0.4 | 152.0
        Bailey |  11.1 |   7.5 |  33.3 |   N/A |   5.3 | 2214.0
               +-------+-------+-------+-------+-------+----------------------

Table legend: (Time is in decaauts)
 A = Elapsed time spent in this place.
 B = Non-inter-level travel time spent in this place.
 C = Inter-level travel time spent in this place.
 D = Time resting spent in this place.
 E = Time spent auto-exploring this place.
 F = Levels seen in this place.
 G = Mean time per level.
                   A        B        C        D        E       F      G
               +--------+--------+--------+--------+--------+-----+--------+
         Total |   9195 |   8951 |    244 |    109 |   6424 |  15 |  613.0 |
       Dungeon |   8406 |   8176 |    230 |     95 |   6145 |  12 |  700.5 |
        Temple |     39 |     25 |     14 |      0 |      0 |   1 |   39.0 |
       Ossuary |    196 |    196 |      0 |      0 |    113 |   1 |  196.0 |
        Bailey |    553 |    553 |      0 |     14 |    166 |   1 |  553.0 |
               +--------+--------+--------+--------+--------+-----+--------+

Top non-repeatable levels by time:
    D:11: 1557 daAuts
     D:8: 1111 daAuts
     D:9: 962 daAuts
     D:1: 772 daAuts
     D:4: 635 daAuts
    D:10: 584 daAuts
     D:7: 567 daAuts
     D:5: 563 daAuts
     D:6: 562 daAuts
  Bailey: 553 daAuts
    D:12: 495 daAuts
     D:2: 470 daAuts
 Ossuary: 196 daAuts
     D:3: 123 daAuts
  Temple: 39 daAuts
